[Event "45th FIDE Womens Olympiad 2024"]
[Site "Budapest"]
[Date "2024.09.19"]
[Round "8.135"]
[White "Kremer, Nadine"]
[Black "Bogantes Robleto, Karina"]
[Result "1-0"]
[ECO "B35"]
[WhiteElo "1898"]
[BlackElo "1766"]
[Annotator "NA RC"]
[PlyCount "73"]
[EventDate "2024.09.05"]
[EventType "team-tourn"]
[EventCountry "HUN"]
[SourceTitle "playchess.com"]
[Source "ChessBase"]
[SourceQuality "1"]
[WhiteTeam "Luxembourg"]
[BlackTeam "Costa Rica"]
[WhiteTeamCountry "LUX"]
[BlackTeamCountry "CRI"]
[TimeControl "40/5400+30:1800+30"]

1. e4 c5 2. Nf3 g6 3. d4 cxd4 4. Nxd4 Bg7 5. Nc3 Nc6 6. Be3 Nf6 7. Bc4 Qa5 8. O-O O-O 9. Bb3 d6 10. Nd5 Nxd5 11. exd5 Nxd4 12. Bxd4 Bd7 13. Bxg7 Kxg7 14. Qd4+ Kg8 15. Rae1 Rfe8 16. Re3 Qc5 17. Qf4 e5 18. Qf6 b5 19. h4 h5 20. c3 e4 21. Rd1 Re5 22. Bc2 Rae8 23. b4 Qb6 24. Qf4 Rf5 25. Qh6 Rfe5 26. Rde1 Qd8 27. Qf4 Bf5 28. Bxe4 Bxe4 29. Rxe4 Qc7 30. R4e3 Kg7 31. Qd4 f6 32. f4 R5e7 33. Re6 Rxe6 34. dxe6 Re7 35. Re3 Qc6 36. f5 Qa6 37. Rg3 1-0

[Event "45th FIDE Womens Olympiad 2024"]
[Site "Budapest"]
[Date "2024.09.19"]
[Round "8.136"]
[White "Canales Chinchilla, Victoria"]
[Black "Lyon, Hannah Jane"]
[Result "1-0"]
[ECO "B15"]
[WhiteElo "1825"]
[BlackElo "1797"]
[Annotator "NA RC"]
[PlyCount "84"]
[EventDate "2024.09.05"]
[EventType "team-tourn"]
[EventCountry "HUN"]
[SourceTitle "playchess.com"]
[Source "ChessBase"]
[SourceQuality "1"]
[WhiteTeam "Costa Rica"]
[BlackTeam "Luxembourg"]
[WhiteTeamCountry "CRI"]
[BlackTeamCountry "LUX"]
[TimeControl "40/5400+30:1800+30"]

1. e4 c6 2. d4 d5 3. Nd2 dxe4 4. Nxe4 Nf6 5. Nxf6+ exf6 6. Be3 Bd6 7. Bd3 O-O 8. Ne2 Re8 9. Qd2 Nd7 10. O-O-O Nf8 11. h4 Be6 12. Kb1 b5 13. Rdg1 b4 14. g4 a5 15. f4 a4 16. Nc1 Bd5 17. Rh3 Qb6 18. b3 a3 19. g5 g6 20. f5 Bf4 21. Ne2 Rxe3 22. Rxe3 Re8 23. Rgg3 Rxe3 24. Rxe3 fxg5 25. fxg6 fxg6 26. h5 Kg7 27. hxg6 hxg6 28. Bc4 Bxe3 29. Qxe3 Bxc4 30. bxc4 Qd8 31. Kc1 Qf6 32. Qg3 Ne6 33. Qd6 Nf4 34. Qd7+ Kh6 35. Kd2 Kh5 36. Ng3+ Kh6 37. Ne4 Qf5 38. Qe8 Kg7 39. Qe7+ Kh6 40. Qe8 Kh5 41. Ng3+ Kg4 42. Nxf5 gxf5 1-0

[Event "45th FIDE Womens Olympiad 2024"]
[Site "Budapest"]
[Date "2024.09.19"]
[Round "8.137"]
[White "Antonova, Nadezhda"]
[Black "Wagenschuetz, Evelyn"]
[Result "1-0"]
[ECO "A17"]
[WhiteElo "1967"]
[BlackElo "2036"]
[Annotator "NA RC"]
[PlyCount "109"]
[EventDate "2024.09.05"]
[EventType "team-tourn"]
[EventCountry "HUN"]
[SourceTitle "playchess.com"]
[Source "ChessBase"]
[SourceQuality "1"]
[WhiteTeam "Tajikistan"]
[BlackTeam "Ecuador"]
[WhiteTeamCountry "TJK"]
[BlackTeamCountry "ECU"]
[TimeControl "40/5400+30:1800+30"]

1. Nf3 d5 2. e3 Nf6 3. c4 e6 4. Nc3 Be7 5. b3 c5 6. cxd5 exd5 7. d4 O-O 8. Bb2 Nc6 9. Be2 h6 10. O-O Bf5 11. Rc1 cxd4 12. Nxd4 Nxd4 13. Qxd4 Qa5 14. Qe5 Be6 15. Rfd1 Rfd8 16. a3 Bd6 17. Qd4 Bc5 18. Qh4 Be7 19. b4 Qb6 20. Nb5 Rd7 21. Qd4 Qxd4 22. Nxd4 Bd8 23. Nxe6 fxe6 24. Be5 Bb6 25. a4 a5 26. bxa5 Bxa5 27. Bb5 Rf7 28. Rc2 Ng4 29. Bg3 Bb6 30. Be2 Rxa4 31. Rb1 Ba5 32. h3 Nf6 33. Rc8+ Kh7 34. Bd3+ g6 35. Be5 Kg7 36. Ra8 Ra3 37. Bc2 Bb4 38. Rb8 Bc3 39. Bd6 Ra2 40. Bb3 Rb2 41. Rxb2 Bxb2 42. f3 Bc1 43. e4 Be3+ 44. Kh1 g5 45. g3 Kg6 46. Ba4 b6 47. e5 Nd7 48. Rd8 Rxf3 49. Bc2+ Kf7 50. Rxd7+ Ke8 51. Re7+ Kd8 52. Bd3 Rxg3 53. Bb5 Kc8 54. Bc6 Rg1+ 55. Kh2 1-0

[Event "45th FIDE Womens Olympiad 2024"]
[Site "Budapest"]
[Date "2024.09.19"]
[Round "8.138"]
[White "Vasquez Ramirez, Rocio"]
[Black "Saidova, Rukhshona"]
[Result "1/2-1/2"]
[ECO "C45"]
[WhiteElo "1981"]
[BlackElo "1873"]
[Annotator "NA RC"]
[PlyCount "90"]
[EventDate "2024.09.05"]
[EventType "team-tourn"]
[EventCountry "HUN"]
[SourceTitle "playchess.com"]
[Source "ChessBase"]
[SourceQuality "1"]
[WhiteTeam "Ecuador"]
[BlackTeam "Tajikistan"]
[WhiteTeamCountry "ECU"]
[BlackTeamCountry "TJK"]
[TimeControl "40/5400+30:1800+30"]

1. e4 e5 2. Nf3 Nc6 3. d4 exd4 4. Nxd4 Nf6 5. Nc3 Bc5 6. Nb3 Bb6 7. Bg5 Qe7 8. f3 Qe6 9. Qd2 a5 10. a4 Nb4 11. O-O-O h6 12. Bh4 c6 13. Kb1 O-O 14. g4 d5 15. g5 hxg5 16. exd5 Nfxd5 17. Bxg5 Nxc3+ 18. Qxc3 Qg6 19. h4 Bf5 20. Rh2 Nd5 21. Qc4 Ne3 22. Bxe3 Bxe3 23. Bd3 Rfd8 24. Re2 b5 25. axb5 cxb5 26. Qxb5 Rab8 27. Qe5 Bxd3 28. Rxd3 Qg1+ 29. Ka2 Re8 30. Qd6 a4 31. Nd2 Bxd2 32. Rdxd2 Qc1 33. Qa3 Rec8 34. h5 Rc6 35. c3 Qh1 36. Re4 Qxf3 37. Rxa4 Qxh5 38. Ra8 Rcc8 39. Rxb8 Rxb8 40. Rd4 Qh1 41. Qe7 Ra8+ 42. Kb3 Rb8+ 43. Ka2 Qa8+ 44. Kb1 Qh1+ 45. Ka2 Ra8+ 1/2-1/2

[Event "45th FIDE Womens Olympiad 2024"]
[Site "Budapest"]
[Date "2024.09.19"]
[Round "8.139"]
[White "Tolibova, Dilola"]
[Black "Miranda Vargas, Analia Karen"]
[Result "1-0"]
[ECO "B72"]
[WhiteElo "1831"]
[BlackElo "1891"]
[Annotator "NA COMBH"]
[PlyCount "61"]
[EventDate "2024.09.05"]
[EventType "team-tourn"]
[EventCountry "HUN"]
[SourceTitle "playchess.com"]
[Source "ChessBase"]
[SourceQuality "1"]
[WhiteTeam "Tajikistan"]
[BlackTeam "Ecuador"]
[WhiteTeamCountry "TJK"]
[BlackTeamCountry "ECU"]
[TimeControl "40/5400+30:1800+30"]

1. d4 Nf6 2. Nf3 g6 3. Bf4 Bg7 4. Nc3 d6 5. e4 O-O 6. Qd2 c5 7. Bh6 cxd4 8. Nxd4 Nc6 9. Bxg7 Kxg7 10. Be2 Qa5 11. Nb3 Qd8 12. h4 h5 13. O-O-O a6 14. f3 Ne5 15. Nd5 Nxd5 16. exd5 Qb6 17. g4 hxg4 18. f4 Nf3 19. Bxf3 gxf3 20. h5 Bf5 21. Qc3+ f6 22. Qxf3 Rac8 23. c3 Rh8 24. hxg6 a5 25. Nd4 Bd7 26. Rh7+ Rxh7 27. gxh7 Kh8 28. Qh5 a4 29. a3 Be8 30. Qh6 Qa5 31. Qf8+ 1-0

[Event "45th FIDE Womens Olympiad 2024"]
[Site "Budapest"]
[Date "2024.09.19"]
[Round "8.140"]
[White "Guerrero Caicedo, Arlette"]
[Black "Mashabova, Shukrona"]
[Result "1-0"]
[ECO "D34"]
[WhiteElo "1868"]
[BlackElo "1711"]
[Annotator "NA RC"]
[PlyCount "105"]
[EventDate "2024.09.05"]
[EventType "team-tourn"]
[EventCountry "HUN"]
[SourceTitle "playchess.com"]
[Source "ChessBase"]
[SourceQuality "1"]
[WhiteTeam "Ecuador"]
[BlackTeam "Tajikistan"]
[WhiteTeamCountry "ECU"]
[BlackTeamCountry "TJK"]
[TimeControl "40/5400+30:1800+30"]

1. d4 d5 2. Nf3 e6 3. g3 c5 4. Bg2 Nc6 5. O-O Nf6 6. c4 Be7 7. Nc3 O-O 8. cxd5 exd5 9. dxc5 Bxc5 10. a3 h6 11. Qb3 Rb8 12. Bf4 Bd6 13. Bxd6 Qxd6 14. Rfd1 Be6 15. e3 Qe7 16. Qa4 a6 17. Rd2 Rfd8 18. Rad1 Rd7 19. Qf4 Rbd8 20. Ne5 Nxe5 21. Qxe5 Ng4 22. Qd4 Nf6 23. h3 Ne4 24. Nxe4 dxe4 25. Qc3 Rxd2 26. Rxd2 Rxd2 27. Qxd2 f5 28. Qd4 Qd7 29. Qxd7 Bxd7 30. Bf1 Kf7 31. Be2 Kf6 32. h4 g5 33. hxg5+ hxg5 34. Kf1 Bc6 35. Ke1 Ke5 36. Kd2 a5 37. Kc3 b5 38. Bh5 Bd5 39. Be8 a4 40. Bxb5 Bb3 41. Kb4 f4 42. gxf4+ gxf4 43. Bxa4 Be6 44. Kc3 fxe3 45. fxe3 Bd5 46. Be8 Bb7 47. Kc4 Ba6+ 48. Kc5 Bd3 49. b4 Ke6 50. b5 Ke7 51. Bc6 Kd8 52. Kb6 Kc8 53. a4 1-0

[Event "45th FIDE Womens Olympiad 2024"]
[Site "Budapest"]
[Date "2024.09.19"]
[Round "8.141"]
[White "Rouda Essa, Alserkal"]
[Black "Maksimovic, Masa"]
[Result "1/2-1/2"]
[ECO "B33"]
[WhiteElo "2036"]
[BlackElo "2093"]
[Annotator "NA RC"]
[PlyCount "62"]
[EventDate "2024.09.05"]
[EventType "team-tourn"]
[EventCountry "HUN"]
[SourceTitle "playchess.com"]
[Source "ChessBase"]
[SourceQuality "1"]
[WhiteTeam "United Arab Emirates"]
[BlackTeam "Bosnia & Herzegovina"]
[WhiteTeamCountry "UAE"]
[BlackTeamCountry "BIH"]
[TimeControl "40/5400+30:1800+30"]

1. e4 c5 2. Nf3 Nc6 3. d4 cxd4 4. Nxd4 Nf6 5. Nc3 d6 6. Be3 e5 7. Ndb5 a6 8. Na3 Be6 9. Bg5 Be7 10. Nc4 Nd4 11. Ne3 Rc8 12. Bd3 Nxe4 13. Bxe7 Nxc3 14. bxc3 Qxe7 15. cxd4 exd4 16. Nf1 Bg4+ 17. Be2 h5 18. Rc1 h4 19. h3 Bh5 20. g4 hxg3 21. Nxg3 Kf8 22. Nxh5 Rxh5 23. Kf1 Re5 24. Bf3 Re8 25. Qxd4 Qf6 26. Qd3 Re3 27. fxe3 Qxf3+ 28. Kg1 Qg3+ 29. Kf1 Qf3+ 30. Kg1 Qg3+ 31. Kf1 Qf3+ 1/2-1/2

[Event "45th FIDE Womens Olympiad 2024"]
[Site "Budapest"]
[Date "2024.09.19"]
[Round "8.142"]
[White "Babic, Milana"]
[Black "Al Maamari, Wafia Darwish"]
[Result "1-0"]
[ECO "A05"]
[WhiteElo "2080"]
[BlackElo "1908"]
[Annotator "NA RC"]
[PlyCount "63"]
[EventDate "2024.09.05"]
[EventType "team-tourn"]
[EventCountry "HUN"]
[SourceTitle "playchess.com"]
[Source "ChessBase"]
[SourceQuality "1"]
[WhiteTeam "Bosnia & Herzegovina"]
[BlackTeam "United Arab Emirates"]
[WhiteTeamCountry "BIH"]
[BlackTeamCountry "UAE"]
[TimeControl "40/5400+30:1800+30"]

1. Nf3 Nf6 2. g3 b5 3. Bg2 Bb7 4. Na3 a6 5. c4 e5 6. cxb5 Bxa3 7. bxa3 axb5 8. O-O d6 9. Qb3 O-O 10. d4 e4 11. Ne1 Qd7 12. Nc2 Nc6 13. Bd2 Na5 14. Bxa5 Rxa5 15. f3 exf3 16. Bxf3 Bxf3 17. Rxf3 Qh3 18. Ne3 Rfa8 19. Nf1 Qg4 20. Qb2 h6 21. Rc1 R8a7 22. Ne3 Qh5 23. Nf5 Ng4 24. h4 Kf8 25. Rcf1 g5 26. Qc2 Qg6 27. Qe4 h5 28. Qe7+ Kg8 29. Qe8+ Kh7 30. Ne7 Ra8 31. Rxf7+ Kh6 32. Qd7 1-0

[Event "45th FIDE Womens Olympiad 2024"]
[Site "Budapest"]
[Date "2024.09.19"]
[Round "8.143"]
[White "Mariam, Essa"]
[Black "Jacimovic, Sara"]
[Result "0-1"]
[ECO "A24"]
[WhiteElo "1779"]
[BlackElo "1981"]
[Annotator "NA RC"]
[PlyCount "96"]
[EventDate "2024.09.05"]
[EventType "team-tourn"]
[EventCountry "HUN"]
[SourceTitle "playchess.com"]
[Source "ChessBase"]
[SourceQuality "1"]
[WhiteTeam "United Arab Emirates"]
[BlackTeam "Bosnia & Herzegovina"]
[WhiteTeamCountry "UAE"]
[BlackTeamCountry "BIH"]
[TimeControl "40/5400+30:1800+30"]

1. c4 Nf6 2. Nf3 g6 3. g3 Bg7 4. Bg2 d6 5. Nc3 e5 6. d3 O-O 7. O-O c6 8. Rb1 a5 9. a3 Nbd7 10. b4 Re8 11. Bg5 h6 12. Bd2 axb4 13. axb4 d5 14. Qc1 dxc4 15. dxc4 Kh7 16. e4 Nb6 17. Rd1 Qc7 18. c5 Nbd7 19. Be3 Ng4 20. h3 Nxe3 21. Qxe3 Nf8 22. Ra1 Be6 23. Rxa8 Rxa8 24. Bf1 Nd7 25. Nd2 b5 26. Qd3 Bf8 27. Qf3 Qa7 28. Nd5 Nxc5 29. Nf6+ Kg7 30. bxc5 Bxc5 31. Ng4 Bxg4 32. hxg4 Rd8 33. Be2 Rd6 34. Nb3 Rf6 35. Qc3 Bxf2+ 36. Kg2 Bg1 37. Rxg1 Qf2+ 38. Kh1 Qxe2 39. Qxe5 Qf3+ 40. Kh2 Qxb3 41. Rf1 Qe6 42. Qb2 c5 43. Qxb5 Rxf1 44. Qxf1 Qxe4 45. Qd1 Qd4 46. Qc2 c4 47. Kg2 c3 48. Kf3 Qd2 0-1

[Event "45th FIDE Womens Olympiad 2024"]
[Site "Budapest"]
[Date "2024.09.19"]
[Round "8.144"]
[White "Mimic, Sofija"]
[Black "Anoud Eisa Bashkardi"]
[Result "1-0"]
[ECO "C66"]
[WhiteElo "1809"]
[BlackElo "1811"]
[Annotator "NA COMBH"]
[PlyCount "65"]
[EventDate "2024.09.05"]
[EventType "team-tourn"]
[EventCountry "HUN"]
[SourceTitle "playchess.com"]
[Source "ChessBase"]
[SourceQuality "1"]
[WhiteTeam "Bosnia & Herzegovina"]
[BlackTeam "United Arab Emirates"]
[WhiteTeamCountry "BIH"]
[BlackTeamCountry "UAE"]
[TimeControl "40/5400+30:1800+30"]

1. e4 e5 2. Nf3 Nc6 3. Bb5 Nf6 4. d3 d6 5. c3 g6 6. O-O Bg7 7. Nbd2 O-O 8. d4 exd4 9. cxd4 Bg4 10. Qc2 d5 11. e5 Bf5 12. Qa4 Ne4 13. Bxc6 bxc6 14. Qxc6 f6 15. exf6 Rxf6 16. Qa4 Qd6 17. Nxe4 Bxe4 18. Ne5 Rf5 19. Qc6 Raf8 20. Qxd6 cxd6 21. Ng4 Kh8 22. f3 h5 23. Ne3 Bxd4 24. Kh1 Bc5 25. Nxf5 Rxf5 26. Bd2 Bd3 27. Rfe1 d4 28. Re8+ Kg7 29. Rae1 Bc4 30. b4 Bb6 31. a4 a5 32. R1e7+ Bf7 33. Rb8 1-0

[Event "45th FIDE Womens Olympiad 2024"]
[Site "Budapest"]
[Date "2024.09.19"]
[Round "8.145"]
[White "Dornbusch, Tatiana"]
[Black "Castillo Beitia, Ashley Alexandra"]
[Result "1-0"]
[ECO "D45"]
[WhiteElo "2212"]
[BlackElo "2071"]
[PlyCount "43"]
[EventDate "2024.09.05"]
[EventType "team-tourn"]
[EventCountry "HUN"]
[WhiteTeam "Monaco"]
[BlackTeam "Panama"]
[WhiteTeamCountry "MNC"]
[BlackTeamCountry "PAN"]
[TimeControl "40/5400+30:1800+30"]

1. d4 d5 2. c4 c6 3. Nc3 Nf6 4. e3 Nbd7 5. Nf3 e6 6. b3 Bd6 7. Be2 O-O 8. O-O b6 9. Bb2 Qe7 10. Qc2 Bb7 11. e4 dxe4 12. Nxe4 Bc7 13. Rfe1 Rac8 14. Ne5 Nxe4 15. Qxe4 Nf6 16. Qh4 Qb4 17. Bd3 h6 18. Re3 Bd8 19. Rg3 Kh8 20. Rd1 Qe7 21. d5 cxd5 22. Ng4 1-0

[Event "45th FIDE Womens Olympiad 2024"]
[Site "Budapest"]
[Date "2024.09.19"]
[Round "8.146"]
[White "Vasquez Jaen, Lourdes Lorena"]
[Black "Zvereva, Marija"]
[Result "1-0"]
[ECO "B32"]
[WhiteElo "1821"]
[BlackElo "2035"]
[PlyCount "53"]
[EventDate "2024.09.05"]
[EventType "team-tourn"]
[EventCountry "HUN"]
[WhiteTeam "Panama"]
[BlackTeam "Monaco"]
[WhiteTeamCountry "PAN"]
[BlackTeamCountry "MNC"]
[TimeControl "40/5400+30:1800+30"]

1. e4 c5 2. Nf3 Nc6 3. d4 cxd4 4. Nxd4 e5 5. Nb5 d6 6. N1c3 a6 7. Na3 Be6 8. Nd5 Bxd5 9. exd5 Nce7 10. c4 g6 11. Qa4+ Qd7 12. Nb5 O-O-O 13. Be3 Nf6 14. Bb6 Bh6 15. Be2 Nf5 16. Na7+ Kb8 17. Nc6+ Kc8 18. b4 Nd4 19. b5 Rde8 20. Rb1 Qf5 21. Rb2 Ne4 22. Bxd4 exd4 23. O-O Nc3 24. Qb4 Nxe2+ 25. Kh1 Bc1 26. bxa6 bxc6 27. Qb8+ 1-0

[Event "45th FIDE Womens Olympiad 2024"]
[Site "Budapest"]
[Date "2024.09.19"]
[Round "8.147"]
[White "Berezovsky, Fiorina"]
[Black "Caicedo Rios, Layla Yasmira"]
[Result "1/2-1/2"]
[ECO "E32"]
[WhiteElo "1976"]
[BlackElo "1803"]
[PlyCount "82"]
[EventDate "2024.09.05"]
[EventType "team-tourn"]
[EventCountry "HUN"]
[WhiteTeam "Monaco"]
[BlackTeam "Panama"]
[WhiteTeamCountry "MNC"]
[BlackTeamCountry "PAN"]
[TimeControl "40/5400+30:1800+30"]

1. d4 Nf6 2. c4 e6 3. Nc3 Bb4 4. Qc2 O-O 5. e4 c5 6. Nf3 cxd4 7. Nxd4 d5 8. a3 Bxc3+ 9. bxc3 Nxe4 10. Bd3 Nf6 11. Bf4 h6 12. O-O Nc6 13. c5 a6 14. Rab1 Re8 15. Rfe1 Qa5 16. Bd6 Bd7 17. Qc1 Nxd4 18. cxd4 Bb5 19. Bc2 Ne4 20. Bxe4 dxe4 21. Qe3 Qd8 22. Qxe4 Bc6 23. Qg4 Qg5 24. Qh3 Qg6 25. Rb3 Qf5 26. Qg3 Qg5 27. f4 Qxg3 28. hxg3 Bd5 29. Rbe3 Bc6 30. g4 Bd5 31. g5 g6 32. Rh3 h5 33. g4 hxg4 34. Rh6 Kg7 35. Kf2 f6 36. Kg3 Rh8 37. Rxh8 Rxh8 38. gxf6+ Kf7 39. Kxg4 Rh1 40. Rxh1 Bxh1 41. Be5 Be4 1/2-1/2

[Event "45th FIDE Womens Olympiad 2024"]
[Site "Budapest"]
[Date "2024.09.19"]
[Round "8.148"]
[White "Carrillo Marval, Maria Angelica"]
[Black "Berezovska, Svetlana"]
[Result "1/2-1/2"]
[ECO "B45"]
[WhiteElo "1795"]
[BlackElo "1869"]
[PlyCount "60"]
[EventDate "2024.09.05"]
[EventType "team-tourn"]
[EventCountry "HUN"]
[WhiteTeam "Panama"]
[BlackTeam "Monaco"]
[WhiteTeamCountry "PAN"]
[BlackTeamCountry "MNC"]
[TimeControl "40/5400+30:1800+30"]

1. e4 c5 2. Nf3 Nc6 3. d4 cxd4 4. Nxd4 Nf6 5. Nc3 e6 6. Nxc6 dxc6 7. Qxd8+ Kxd8 8. Bg5 Ke8 9. Be2 Bb4 10. Bd2 e5 11. f3 Be6 12. O-O-O Rd8 13. a3 Bd6 14. Be3 b6 15. Rd2 Ke7 16. Rhd1 h6 17. g3 Bc7 18. Nb1 Rxd2 19. Nxd2 Rd8 20. Nc4 Rxd1+ 21. Kxd1 Ne8 22. Bf2 f5 23. exf5 Bxf5 24. Ne3 Bg6 25. Kd2 Nf6 26. Ng2 Bf5 27. Ne3 Bg6 28. Ng2 Bf5 29. Ne3 Bg6 30. Ng2 Bf5 1/2-1/2

[Event "45th FIDE Womens Olympiad 2024"]
[Site "Budapest"]
[Date "2024.09.19"]
[Round "8.149"]
[White "Miladi, Amen"]
[Black "Sulyok, Eszter"]
[Result "0-1"]
[ECO "B42"]
[WhiteElo "1851"]
[BlackElo "2080"]
[PlyCount "90"]
[EventDate "2024.09.05"]
[EventType "team-tourn"]
[EventCountry "HUN"]
[WhiteTeam "Tunisia"]
[BlackTeam "Hungary C"]
[WhiteTeamCountry "TUN"]
[BlackTeamCountry "HUN"]
[TimeControl "40/5400+30:1800+30"]

1. e4 c5 2. Nf3 e6 3. d4 cxd4 4. Nxd4 a6 5. Bd3 Bc5 6. Nb3 Ba7 7. O-O Ne7 8. c4 d6 9. Bf4 Nbc6 10. Bc2 Nb4 11. Nc3 Nxc2 12. Qxc2 Qc7 13. Rad1 e5 14. Bc1 Bg4 15. Rd3 Be6 16. Nd2 O-O 17. b3 b5 18. cxb5 axb5 19. Qd1 Qc6 20. Qh5 Ng6 21. Nf3 f6 22. Nh4 Nxh4 23. Qxh4 Rf7 24. Kh1 b4 25. Ne2 Bc5 26. Ng3 Rxa2 27. f4 exf4 28. Bxf4 Qa6 29. Rdf3 Ra1 30. Bc1 Bd4 31. Bd2 Be5 32. Rxa1 Qxa1+ 33. Nf1 Bc3 34. Bf4 g5 35. Qh5 g4 36. Rf2 Bd4 37. Qb5 Bxf2 38. Bh6 Rf8 39. Bxf8 Kxf8 40. Qd3 Qd4 41. Qc2 Qc5 42. Qd2 Kg7 43. Qe2 h5 44. Qa2 Bd4 45. h3 Qc1 {0-} 0-1

[Event "45th FIDE Womens Olympiad 2024"]
[Site "Budapest"]
[Date "2024.09.19"]
[Round "8.150"]
[White "Toth, Lili"]
[Black "Mefteh, Meyssem"]
[Result "1-0"]
[ECO "B48"]
[WhiteElo "2105"]
[BlackElo "1834"]
[PlyCount "135"]
[EventDate "2024.09.05"]
[EventType "team-tourn"]
[EventCountry "HUN"]
[WhiteTeam "Hungary C"]
[BlackTeam "Tunisia"]
[WhiteTeamCountry "HUN"]
[BlackTeamCountry "TUN"]
[TimeControl "40/5400+30:1800+30"]

1. e4 c5 2. Nf3 Nc6 3. d4 cxd4 4. Nxd4 e6 5. Nc3 Qc7 6. Be3 a6 7. a3 Nf6 8. f4 Nxd4 9. Bxd4 Qxf4 10. g3 Qc7 11. e5 Ng8 12. Bg2 Ne7 13. O-O Ng6 14. Ne4 Be7 15. h4 h5 16. Nd6+ Bxd6 17. exd6 Qxd6 18. Bxg7 Qxd1 19. Raxd1 Rg8 20. Bf6 Ne7 21. Rf3 b5 22. Rc3 d5 23. Re1 Rb8 24. Bxe7 Kxe7 25. Bxd5 Bd7 26. Kf2 Rbc8 27. Rxc8 Rxc8 28. c3 Rc5 29. Bf3 Rf5 30. Ke3 Kf6 31. Rd1 Ke7 32. Be4 Rf6 33. b4 e5 34. Rd5 Bc6 35. Rxe5+ Kd6 36. Rc5 Bxe4 37. Kxe4 Rh6 38. Kf4 Ke7 39. Rc7+ Kf8 40. Rc8+ Kg7 41. Rc5 Rf6+ 42. Kg5 Rh6 43. Rf5 Rc6 44. Rf3 Re6 45. Kxh5 Re1 46. Kg5 Rg1 47. g4 Re1 48. Kf5 Rh1 49. h5 Rh2 50. Kg5 Rd2 51. h6+ Kg8 52. Rf6 Rd3 53. Rxa6 Rxc3 54. Ra8+ Kh7 55. Ra7 Rf3 56. Rb7 Rxa3 57. Rxf7+ Kg8 58. Rb7 Ra6 59. Rxb5 Kh7 60. Rb7+ Kg8 61. b5 Rd6 62. b6 Rc6 63. Kh5 Rc5+ 64. g5 Rc6 65. g6 Rc5+ 66. Kg4 Rc8 67. Rc7 Rd8 68. b7 1-0

[Event "45th FIDE Womens Olympiad 2024"]
[Site "Budapest"]
[Date "2024.09.19"]
[Round "8.151"]
[White "Ben Amor, Meriem"]
[Black "Gombocz, Zsofia"]
[Result "0-1"]
[ECO "C54"]
[WhiteElo "1733"]
[BlackElo "2061"]
[PlyCount "156"]
[EventDate "2024.09.05"]
[EventType "team-tourn"]
[EventCountry "HUN"]
[WhiteTeam "Tunisia"]
[BlackTeam "Hungary C"]
[WhiteTeamCountry "TUN"]
[BlackTeamCountry "HUN"]
[TimeControl "40/5400+30:1800+30"]

1. e4 e5 2. Nf3 Nc6 3. d4 exd4 4. Bc4 Bc5 5. c3 Nf6 6. e5 d5 7. Bb5 Ne4 8. cxd4 Bb6 9. Nc3 O-O 10. h3 a6 11. Be2 Be6 12. O-O f6 13. exf6 Qxf6 14. Be3 Qg6 15. Nh4 Qf7 16. Nf3 h6 17. a3 Nd6 18. g4 Ne4 19. Kg2 Qd7 20. Ng1 Rae8 21. Na4 Ba7 22. f3 Nd6 23. Bf2 Qe7 24. Nc5 Qf6 25. a4 Bxc5 26. dxc5 Nc4 27. b3 N4e5 28. Bg3 d4 29. f4 Bd5+ 30. Kh2 Nd7 31. Rc1 Re3 32. Bc4 Bxc4 33. Rxc4 d3 34. Bf2 Qb2 35. Kh1 Re7 36. Qxd3 Na5 37. Rc3 Rxf4 38. Qg3 Ref7 39. Rf3 Rxf3 40. Nxf3 Qxb3 41. Kg2 Nc4 42. Re1 Nf8 43. Ne5 Qxg3+ 44. Bxg3 Nxe5 45. Bxe5 Ne6 46. Rc1 Nf4+ 47. Bxf4 Rxf4 48. Rb1 Rc4 49. Rb4 b6 50. Rxb6 Rxc5 51. Rb4 Kf7 52. Re4 Kf6 53. h4 Rc3 54. Kh2 c5 55. Kg2 Rd3 56. g5+ hxg5 57. hxg5+ Kxg5 58. Re5+ Kf4 59. Rxc5 Rd2+ 60. Kh1 g5 61. Rc4+ Kg3 62. Rc3+ Kh4 63. Rc4+ g4 64. Kg1 Kh3 65. Rc8 Ra2 66. Kf1 Rxa4 67. Rh8+ Kg3 68. Rc8 Ra1+ 69. Ke2 Ra2+ 70. Kf1 a5 71. Rc3+ Kh4 72. Rc8 a4 73. Rh8+ Kg3 74. Ra8 a3 75. Ra7 Ra1+ 76. Ke2 a2 77. Ra8 Rh1 78. Ra3+ Kh4 {0-} 0-1

[Event "45th FIDE Womens Olympiad 2024"]
[Site "Budapest"]
[Date "2024.09.19"]
[Round "8.152"]
[White "Nandin-Erdene, Davaademberel"]
[Black "Gamha, Yasmine"]
[Result "1-0"]
[ECO "C00"]
[WhiteElo "2039"]
[BlackElo "1679"]
[PlyCount "63"]
[EventDate "2024.09.05"]
[EventType "team-tourn"]
[EventCountry "HUN"]
[WhiteTeam "Hungary C"]
[BlackTeam "Tunisia"]
[WhiteTeamCountry "HUN"]
[BlackTeamCountry "TUN"]
[TimeControl "40/5400+30:1800+30"]

1. Nf3 Nf6 2. g3 e6 3. Bg2 d5 4. d3 c5 5. O-O Nc6 6. Nbd2 Be7 7. e4 O-O 8. Re1 d4 9. a4 a6 10. Nc4 Bd7 11. a5 Bc8 12. Nb6 Ra7 13. Nd2 e5 14. Nxc8 Qxc8 15. Nc4 Qd8 16. f4 Nd7 17. Bh3 b5 18. axb6 Nxb6 19. Nxe5 Nxe5 20. fxe5 Bg5 21. e6 fxe6 22. Bxe6+ Kh8 23. Qh5 Bxc1 24. Raxc1 Rf6 25. Bb3 Nd7 26. e5 Rh6 27. Qf3 a5 28. Qd5 Qc8 29. e6 Nf6 30. Qd6 Ra6 31. Qf4 a4 32. e7 1-0

[Event "45th FIDE Womens Olympiad 2024"]
[Site "Budapest"]
[Date "2024.09.19"]
[Round "8.153"]
[White "De Blecourt, Sandra"]
[Black "Clarke, Adani"]
[Result "1/2-1/2"]
[ECO "D38"]
[WhiteElo "2065"]
[BlackElo "1919"]
[PlyCount "101"]
[EventDate "2024.09.05"]
[EventType "team-tourn"]
[EventCountry "HUN"]
[WhiteTeam "Denmark"]
[BlackTeam "Jamaica"]
[WhiteTeamCountry "DEN"]
[BlackTeamCountry "JAM"]
[TimeControl "40/5400+30:1800+30"]

1. d4 e6 2. c4 Nf6 3. Nc3 Bb4 4. Nf3 d5 5. cxd5 Nxd5 6. Bd2 O-O 7. a3 Be7 8. e4 Nxc3 9. Bxc3 c5 10. dxc5 Bxc5 11. Qc2 Nd7 12. Rd1 Qc7 13. Bd3 h6 14. O-O b6 15. Bb5 a6 16. Bxd7 Bxd7 17. Bb4 Bb5 18. Rfe1 Rac8 19. Bxc5 Qxc5 20. Qd2 Qc2 21. Qd4 Qc5 22. a4 Bc4 23. Qxc5 Rxc5 24. Rd6 Rb8 25. Nd4 a5 26. b3 Ba6 27. f3 e5 28. Nc6 Rb7 29. Rd8+ Kh7 30. Nb8 Ra7 31. Nxa6 Rxa6 32. Rd6 Rc3 33. Rb1 Kg8 34. Rd8+ Kh7 35. Rd5 f6 36. Rb5 Rc5 37. Rxc5 bxc5 38. Rc1 Rc6 39. Kf2 Kg6 40. Ke3 Kf7 41. Kd3 Ke6 42. Kc4 Rb6 43. Rd1 Rb4+ 44. Kc3 Rd4 45. Re1 g6 46. Re2 f5 47. g3 Kf6 48. Re1 Ke6 49. Re2 Kf6 50. Re1 Ke6 51. Re2 1/2-1/2